 Dungeon Crawl Stone Soup version 0.28-a0-563-gf77a47075d (webtiles) character file.

Game seed: 10093800523740002133

188 Drevant2 the Covert (level 5, 0/47 HPs)
             Began as a Gnoll Delver on Sept 30, 2021.
             Slain by Pikel (1 damage)
             ... on level 4 of the Dungeon.
             The game lasted 00:06:18 (4328 turns).

Drevant2 the Covert (Gnoll Delver)                  Turns: 4328, Time: 00:06:19

Health: 0/47       AC:  3    Str: 12    XL:     5   Next: 67%
Magic:  7/7        EV: 13    Int:  9    God:
Gold:   140        SH:  0    Dex: 14    Spells: 7/7 levels left

rFire   . . .      SeeInvis .   q - +0 trident
rCold   . . .      Faith    .   (no shield)
rNeg    . . .      Spirit   .   b - +0 leather armour
rPois   .          Reflect  .   (no helmet)
rElec   .          Harm     .   (no cloak)
rCorr   .          Rampage  .   (no gloves)
Will    .....                   (no boots)
Stlth   ++++......              (no amulet)
HPRegen 0.15/turn               (no ring)
MPRegen 0.10/turn               (no ring)

@: hasted, studying Invocations, very quick
A: fangs 1, strong nose, distributed training
a: no special abilities


You were on level 4 of the Dungeon.
You visited 1 branch of the dungeon, and saw 5 of its levels.

You collected 140 gold pieces.

Inventory:

Hand Weapons
 a - a +0 spear
 q - a +0 trident (weapon)
Missiles
 l - 4 curare-tipped darts (quivered)
Armour
 b - a +0 leather armour (worn)
Wands
 g - a wand of digging (3)
Scrolls
 c - a scroll of fog
 d - a scroll of magic mapping
 e - a scroll of fear
 f - 2 scrolls of immolation {unknown}
 i - a scroll of vulnerability {unknown}
 j - 2 scrolls of identify {unknown}
 n - a scroll of blinking {unknown}
 p - a scroll of noise {unknown}
 r - a scroll of teleportation {unknown}
 s - a scroll of silence {unknown}
Potions
 h - a potion of heal wounds {unknown}
 m - a potion of degeneration {unknown}
 o - 2 potions of curing {unknown}
 t - a potion of might {unknown}


   Skills:
 + Level 6.7 Fighting
 + Level 1.6 Short Blades
 + Level 1.6 Long Blades
 + Level 1.6 Axes
 + Level 1.6 Maces & Flails
 + Level 4.8 Polearms
 + Level 1.6 Staves
 + Level 1.6 Slings
 + Level 1.6 Bows
 + Level 1.6 Crossbows
 + Level 1.6 Throwing
 + Level 1.6 Armour
 + Level 4.8 Dodging
 + Level 9.7 Stealth
 + Level 1.6 Shields
 + Level 1.6 Unarmed Combat
 + Level 1.6 Spellcasting
 + Level 1.2 Conjurations
 + Level 1.2 Hexes
 + Level 1.2 Summonings
 + Level 1.2 Necromancy
 + Level 1.2 Translocations
 + Level 1.2 Transmutations
 + Level 1.2 Fire Magic
 + Level 1.2 Ice Magic
 + Level 1.2 Air Magic
 + Level 1.2 Earth Magic
 + Level 1.2 Poison Magic
 + Level 1.8 Invocations
 + Level 1.6 Evocations


You had 7 spell levels left.
You didn't know any spells.
Your spell library contained the following spells:

 Spells                   Type           Power      Damage    Failure   Level
 Beastly Appendage        Tmut           6%         N/A       26%         1
 Wereblood                Tmut           3%         N/A       36%         2
 Spider Form              Tmut/Pois      1%         N/A       61%         3


Dungeon Overview and Level Annotations

Branches:
Dungeon (5/15)             Temple (0/1) D:4

Altars:

Shops:
D:5 [*

Annotations:
D:4 Eustachio, Pikel


Innate Abilities, Weirdness & Mutations

You have very sharp teeth.
Your uncanny sense of smell can sniff out nearby items.
Your experience applies equally to all skills.


Message History

Okay, then.
You reach to attack!
You closely miss Pikel.
The lemure shouts!
You hit Pikel.
Pikel is lightly wounded.
Pikel hits you with a +2 whip of flaming!
Pikel burns you.
A lemure comes into view.
Pikel closely misses you.
You closely miss Pikel.
Pikel is lightly wounded.
Pikel hits you with a +2 whip of flaming!
Pikel burns you.
You completely miss Pikel.
Pikel is lightly wounded.
Pikel says, "You'll freeze in Cocytus!"
Pikel completely misses you.
Okay, then.
You feel yourself speed up. Pikel closely misses you.
You closely miss Pikel.
Pikel is lightly wounded.
Pikel hits you with a +2 whip of flaming.
Pikel burns you.
You hit Pikel.
Pikel is lightly wounded.
You closely miss Pikel.
Pikel is lightly wounded.
Pikel closely misses you.
You closely miss Pikel.
Pikel is lightly wounded.
Pikel hits you with a +2 whip of flaming!
* * * LOW HITPOINT WARNING * * *
Pikel burns you.
* * * LOW HITPOINT WARNING * * *
You barely miss Pikel.
Pikel is lightly wounded.
Pikel hits you with a +2 whip of flaming!
* * * LOW HITPOINT WARNING * * *
Pikel burns you.
You die...

.##.# ##+## #.##.###.#
###.# #.# #........#
###.# #.# ####.#####
....# ##.## #5#
#######...## #.#
######.....# #5#
....###...# #.#
..........###########5#
########........@K55..#
# #.############## #
#.# # #.# # #.# ## #.#
.# #.# .# #.# .#


You could see Pikel and 3 lemures.

Vanquished Creatures
  A scorpion (D:4)
  Robin (D:4)
  4 adders
  An adder skeleton (D:4)
  A worm (D:2)
  A dart slug (D:3)
  6 orcs
  4 ball pythons
  9 endoplasms
  7 giant cockroaches
  12 goblins
  3 hobgoblins
  3 quokkas
  5 bats
  3 kobolds
  4 rats
65 creatures vanquished.

Notes
Turn   | Place    | Note
-------+----------+-------------------------------------------
     0 | D:5      | Reached skill level 9 in Stealth
     0 | D:5      | Drevant2 the Gnoll Delver began the quest for the Orb.
     0 | D:5      | Reached XP level 1. HP: 23/23 MP: 1/1
    25 | D:5      | Reached XP level 2. HP: 15/29 MP: 2/2
   138 | D:5      | Noticed a necrophage
   168 | D:5      | Found Teviesuf's General Store.
   194 | D:5      | Found Kezxin's Antique Armour Shop.
   207 | D:4      | Noticed Pikel
   207 | D:4      | Noticed a lemure
   207 | D:4      | Noticed a lemure
   207 | D:4      | Noticed a lemure
   478 | D:4      | Noticed Robin
   504 | D:4      | Killed Robin
   505 | D:4      | Reached XP level 3. HP: 4/35 MP: 2/4
  1002 | D:3      | Noticed an ice beast
  1040 | D:4      | Reached skill level 1 in Invocations
  1385 | D:4      | Reached skill level 1 in Short Blades
  1385 | D:4      | Reached skill level 1 in Long Blades
  1385 | D:4      | Reached skill level 1 in Axes
  1385 | D:4      | Reached skill level 1 in Maces & Flails
  1385 | D:4      | Reached skill level 1 in Staves
  1385 | D:4      | Reached skill level 1 in Slings
  1385 | D:4      | Reached skill level 1 in Bows
  1385 | D:4      | Reached skill level 1 in Crossbows
  1385 | D:4      | Reached skill level 1 in Throwing
  1385 | D:4      | Reached skill level 1 in Armour
  1385 | D:4      | Reached skill level 1 in Shields
  1385 | D:4      | Reached skill level 1 in Unarmed Combat
  1385 | D:4      | Reached skill level 1 in Spellcasting
  1385 | D:4      | Reached skill level 1 in Evocations
  1416 | D:4      | Noticed Eustachio
  1489 | D:3      | Reached XP level 4. HP: 41/41 MP: 5/5
  2411 | D:2      | Reached skill level 1 in Conjurations
  2411 | D:2      | Reached skill level 1 in Hexes
  2411 | D:2      | Reached skill level 1 in Summonings
  2411 | D:2      | Reached skill level 1 in Necromancy
  2411 | D:2      | Reached skill level 1 in Translocations
  2411 | D:2      | Reached skill level 1 in Transmutations
  2411 | D:2      | Reached skill level 1 in Fire Magic
  2411 | D:2      | Reached skill level 1 in Ice Magic
  2411 | D:2      | Reached skill level 1 in Air Magic
  2411 | D:2      | Reached skill level 1 in Earth Magic
  2411 | D:2      | Reached skill level 1 in Poison Magic
  2899 | D:1      | Found a faded altar of an unknown god.
  3084 | D:1      | Noticed a spriggan
  3086 | D:1      | Noticed a ghoul
  3086 | D:1      | Noticed a draconian
  3088 | D:1      | Noticed a vine stalker
  3088 | D:1      | Noticed a naga
  3090 | D:1      | Noticed a felid
  3090 | D:1      | Noticed a human
  3092 | D:1      | Noticed an ogre
  3092 | D:1      | Noticed a demonspawn
  3094 | D:1      | Noticed a demigod
  3094 | D:1      | Noticed a tengu
  3096 | D:1      | Noticed a minotaur
  3096 | D:1      | Noticed a dwarf
  3098 | D:1      | Noticed a merfolk
  3100 | D:1      | Noticed a troll
  3102 | D:1      | Noticed an octopode
  3102 | D:1      | Noticed an elf
  3106 | D:1      | Noticed a gargoyle
  3106 | D:1      | Noticed a formicid
  3108 | D:1      | Noticed a vampire
  3163 | D:1      | Reached XP level 5. HP: 47/47 MP: 6/6
  4205 | D:4      | Found a staircase to the Ecumenical Temple.
  4314 | D:4      | Noticed a lemure
  4328 | D:4      | HP: 1/47 [Pikel (8)]
  4328 | D:4      | Slain by Pikel

Illustrated notes

Levels and vault maps discovered:
D:1:      kb_arrival_jail, layout_rooms, shapermc_ecumenical_altar_flowoftime
D:2:      layout_loops_ring
D:3:      layout_basic
D:4:      layout_loops_corners, minmay_temple_entry_antechambers,
          nrook_campfire, dk_noncrumbling_4, minmay_manual_moon, uniq_robin,
          uniq_eustachio, uniq_pikel
D:5:      layout_basic, serial_shops, nicolae_shop_waterfront,
          kennysheep_mini_moat, shop_statue, kennysheep_mini, uniq_edmund

Skill      XL: |  1  2  3  4 |
---------------+-------------+-----
Stealth        | |  9.7
Invocations    | 1 |  1.8
Short Blades   | 1 |  1.6
Long Blades    | 1 |  1.6
Axes           | 1 |  1.6
Maces & Flails | 1 |  1.6
Staves         | 1 |  1.6
Slings         | 1 |  1.6
Bows           | 1 |  1.6
Crossbows      | 1 |  1.6
Throwing       | 1 |  1.6
Armour         | 1 |  1.6
Shields        | 1 |  1.6
Unarmed Combat | 1 |  1.6
Spellcasting   | 1 |  1.6
Evocations     | 1 |  1.6
Conjurations   | 1 |  1.2
Hexes          | 1 |  1.2
Summonings     | 1 |  1.2
Necromancy     | 1 |  1.2
Translocations | 1 |  1.2
Transmutations | 1 |  1.2
Fire Magic     | 1 |  1.2
Ice Magic      | 1 |  1.2
Air Magic      | 1 |  1.2
Earth Magic    | 1 |  1.2
Poison Magic   | 1 |  1.2
Fighting       | |  6.7
Polearms       | |  4.8
Dodging        | |  4.8

Action                   |  1- 3 |  4- 6 || total
-------------------------+-------+-------++-------
Melee: Spear             |    72 |   136 ||   208
       Bite              |     6 |    16 ||    22
       Trident           |       |    27 ||    27
  Use: Potion            |     1 |     1 ||     2
 Stab: Sleeping          |     5 |    21 ||    26
Armor: Leather armour    |    17 |    24 ||    41
Dodge: Dodged            |    59 |    63 ||   122

Table legend: (Time is in decaauts)
 A = Elapsed time spent in this place.
 B = Non-inter-level travel time spent in this place.
 C = Inter-level travel time spent in this place.
 D = Time resting spent in this place.
 E = Time spent auto-exploring this place.
 F = Levels seen in this place.
 G = Mean time per level.
                   A        B        C        D        E       F      G
               +--------+--------+--------+--------+--------+-----+--------+
         Total |   4288 |   3732 |    556 |   1506 |   1629 |   5 |  857.6 |
       Dungeon |   4288 |   3732 |    556 |   1506 |   1629 |   5 |  857.6 |
               +--------+--------+--------+--------+--------+-----+--------+

Top non-repeatable levels by time:
     D:4: 1902 daAuts
     D:2: 904 daAuts
     D:1: 829 daAuts
     D:3: 443 daAuts
     D:5: 207 daAuts
